 Dungeon Crawl Stone Soup version 0.31.0-9-g3a7656b989 (webtiles) character file.

Game seed: 3845644885578333398

11714 qw the Markself (level 11, -9/63 HPs)
             Began as a Deep Elf Hunter on Feb 2, 2024.
             Was a High Priest of Okawaru.
             Succumbed to a black mamba's poison
             ... on level 1 of the Lair of Beasts.
             The game lasted 00:00:56 (9915 turns).

qw the Markself (Deep Elf Hunter)                   Turns: 9915, Time: 00:00:56

Health: -9/63      AC: 13    Str: 12    XL:     11   Next: 52%
Magic:  20/20      EV: 16    Int: 15    God:    Okawaru [*****.]
Gold:   837        SH:  0    Dex: 18    Spells: 10/10 levels left

rFire   + . .        a - +0 arbalest (heavy)
rCold   . . .        (shield currently unavailable)
rNeg    . . .        t - +3 leather armour {rF+}
rPois   .            (no helmet)
rElec   .            m - +1 cloak
rCorr   .            h - +0 pair of gloves
SInv    .            (no boots)
Will    ++...        j - amulet of Reikept {Will+ Regen+}
Stlth   ++           d - +4 ring of slaying {mikee}
HPRegen 1.10/turn    r - +4 ring of protection
MPRegen 0.17/turn

%: no passive effects
@: lethally poisoned (-9 -> -61), about to teleport
A: no striking features
a: Renounce Religion, Heroism, Finesse, Duel


You were on level 1 of the Lair of Beasts.
You worshipped Okawaru.
Okawaru was extremely pleased with you.
You visited 3 branches of the dungeon, and saw 12 of its levels.
You also visited: Ossuary.

You collected 837 gold pieces.


   Skills:
 - Level 5.0 Fighting
 - Level 18.0 Ranged Weapons
 - Level 1.5 Armour
 + Level 8.1 Dodging
 - Level 1.2 Stealth
 + Level 9.5 Invocations


You had 10 spell levels left.
You didn't know any spells.
Your spell library was empty.

Inventory:

Hand Weapons
 a - a +0 heavy arbalest (weapon)
Armour
 f - a +2 leather armour of willpower
 h - a +0 pair of gloves (worn)
 m - a +1 cloak (worn)
 t - a +3 leather armour of fire resistance (worn)
Jewellery
 d - a +4 ring of slaying (left hand) {mikee}
 j - the amulet of Reikept (around neck) {Will+ Regen+}
   (You found it on level 10 of the Dungeon)

   [amulet of regeneration]

   Will+:     It increases your willpower.
   Regen+:    It increases your rate of health regeneration.
 r - a +4 ring of protection (right hand)
 Y - a ring of protection from fire
Wands
 e - a wand of light (11)
 p - a wand of iceblast (17)
Potions
 b - a potion of curing
 c - a potion of mutation
 g - a potion of cancellation
 i - 5 potions of heal wounds
 k - 3 potions of resistance
 n - 2 potions of enlightenment
 q - 2 potions of haste
 s - 2 potions of magic
 v - a potion of might

Dungeon Overview and Level Annotations

Branches:
Dungeon (10/15)            Temple (1/1) D:5            Lair (1/5) D:10
    Orc (0/2) D:9         Ossuary (visited)

Altars:
Ashenzari
Cheibriados
Dithmenos
Elyvilon
Fedhas
Gozag
Hepliaklqana
Kikubaaqudgha
Makhleb
Nemelex Xobeh
Okawaru
Qazlal
Ru
Sif Muna
Trog
Uskayaw
Vehumet
Wu Jian
Xom
Yredelemnul
Zin
The Shining One

Annotations:
D:3 2 transporters, qw's ghost, amateur GrHu


Message History

You kill the black bear!
Okawaru accepts your kill.
You now have 837 gold pieces (gained 12).
A black mamba comes into view.
The black mamba hisses angrily.
You shoot a bolt. The bolt hits the black mamba!!
The black mamba is heavily wounded.
You shoot a bolt. The bolt barely misses the black mamba.
The black mamba misses you.
The black mamba bites you but does no damage.
You shoot a bolt. The bolt hits the black mamba!
The black mamba is severely wounded.
The black mamba misses you. The black mamba completely misses you.
The black mamba bites you!
You shoot a bolt. The bolt barely misses the black mamba.
The black mamba closely misses you. The black mamba completely misses you.
You shoot a bolt.
The bolt closely misses the black mamba.
The black mamba bites you.
You are poisoned.
The black mamba poisons you! The black mamba bites you!
You are more poisoned.
The black mamba poisons you! The black mamba closely misses you.
You shoot a bolt.
The bolt closely misses the black mamba.
You feel extremely sick. The black mamba bites you.
The black mamba closely misses you. The black mamba bites you!
You are more poisoned.
The black mamba poisons you!
You shoot a bolt. The bolt misses the black mamba.
You feel extremely sick.
The black mamba bites you but does no damage.
The black mamba closely misses you. The black mamba bites you.
You are more poisoned.
The black mamba poisons you!
9915 ||| READING scroll of teleportation.
As you read the scroll of teleportation, it crumbles to dust.
You feel strangely unstable.
You die...

#.....# .. +.....#
#.. #.....## #..###
### #......#
#..P#.##P###.....####
#....................
P......%.............
.....................
#............@S......
#.###.#.###...$......
####.####.........
#......##.....#..#
#.....<##.........
#......##.....#...
#P......##.....#...
##......#P.....# ..
#+#.#..#


You could see a black mamba.

Vanquished Creatures
  3 two-headed ogres
  4 gargoyles (D:8)
  Jeremiah (D:8)
  Grinder (D:6)
  A hornet (D:9)
  A shadow (D:9)
  16 yaks
  2 wyverns
  3 steam dragons
  A warg (D:10)
  3 vampire mosquitoes (D:10)
  Duvessa (D:6)
  2 sky beasts (D:7)
  3 black bears
  2 ice beasts
  2 phantoms
  3 centaurs
  2 wolves (D:10)
  3 elf zombies (Ossuary)
  A kobold brigand (D:10)
  A weeping skull (Ossuary)
  3 bullfrogs
  2 gnoll sergeants
  2 scorpions
  2 burial acolytes (Ossuary)
  8 wights
  Dowan (D:6)
  A troll zombie (D:9)
  8 killer bees
  5 howler monkeys (D:9)
  A bombardier beetle (D:7)
  2 centaur zombies (Ossuary)
  A human zombie (Ossuary)
  A gnoll bouda (D:5)
  5 orc priests
  6 jellies
  A sleepcap (D:5)
  5 orc wizards
  An iguana (D:6)
  7 ogre zombies (D:9)
  4 hound zombies (Ossuary)
  2 mummies (Ossuary)
  8 adders
  15 gnolls
  2 shadow imps
  A white imp (D:6)
  2 dart slugs
  3 ribbon worms
  30 orcs
  7 bats
  2 giant cockroaches
  9 goblins
  3 hobgoblins
  18 jackals
  6 quokkas
  7 ball pythons
  4 frilled lizards
  A gnoll skeleton (D:9)
  8 gnoll zombies
  A goblin zombie (D:7)
  13 kobolds
  3 orc skeletons (D:9)
  15 orc zombies
  A quokka zombie (D:7)
  7 rats
290 creatures vanquished.

Vanquished Creatures (others)
  A gnoll (D:6)
  A gnoll skeleton (D:9)
  An orc skeleton (D:9)
  4 orc zombies (D:9)
7 creatures vanquished.

Grand Total: 297 creatures vanquished

Notes
Turn   | Place    | Note
-------+----------+-------------------------------------------
     0 | D:1      | qw the Deep Elf Hunter began the quest for the Orb.
     0 | D:1      | Reached XP level 1. HP: 12/12 MP: 3/3
     0 | D:1      | 0 ||| qw: Version: 0.3-a-155-g5e7d8dd
     0 | D:1      | 0 ||| qw: Game counter: 124
     0 | D:1      | 0 ||| qw: Melee chars always use a shield: true
     0 | D:1      | 0 ||| qw: God list: Okawaru
     0 | D:1      | 0 ||| qw: Allow faded altars: false
     0 | D:1      | 0 ||| qw: Do Orc after clearing Dungeon:15 true
     0 | D:1      | 0 ||| qw: Do second Lair branch before Depths: true
     0 | D:1      | 0 ||| qw: Lair rune preference: random
     0 | D:1      | 0 ||| qw: Goals: Normal
     0 | D:1      | 0 ||| PLANNING D:1-11
    61 | D:1      | HP: 3/12 [jackal (1)]
   150 | D:1      | Reached XP level 2. HP: 16/16 MP: 4/4
   161 | D:1      | Reached skill level 6 in Ranged Weapons
   860 | D:1      | 860 ||| UPGRADING to +2 leather armour of willpower.
   870 | D:1      | 870 ||| DROPPING +0 leather armour.
   871 | D:1      | 871 ||| UPGRADING to +0 pair of gloves.
   876 | D:1      | 876 ||| DROPPING +1 leather armour of willpower.
   877 | D:1      | 877 ||| UPGRADING to +1 cloak.
   882 | D:1      | 882 ||| UPGRADING to +4 ring of slaying {mikee}.
   883 | D:1      | 883 ||| READING scroll labelled REMOG REOWAEHU.
   883 | D:1      | 883 ||| IDENTIFYING black potion
   884 | D:1      | 884 ||| READING scroll labelled LOXZOM NESH.
   985 | D:1      | 985 ||| READING scroll labelled OTUMOH ESEINT.
   988 | D:1      | 988 ||| DROPPING scroll of butterflies.
  1017 | D:2      | Reached XP level 3. HP: 20/20 MP: 5/5
  1105 | D:2      | Reached skill level 7 in Ranged Weapons
  1455 | D:2      | Reached XP level 4. HP: 25/25 MP: 6/6
  1682 | D:2      | 1682 ||| READING 2 scrolls of identify.
  1682 | D:2      | 1682 ||| IDENTIFYING smoky yellow potion
  1683 | D:2      | 1683 ||| READING scroll of identify.
  1683 | D:2      | 1683 ||| IDENTIFYING viscous amethyst potion
  1684 | D:2      | 1684 ||| READING scroll labelled XEUB NITAHEMPY.
  1743 | D:3      | 1743 ||| STAIRDANCE
  1766 | D:3      | 1766 ||| STAIRDANCE
  1854 | D:3      | Reached skill level 8 in Ranged Weapons
  2096 | D:3      | Found a transporter.
  2099 | D:3      | Noticed qw's ghost (amateur GrHu)
  2100 | D:3      | Found a transporter.
  2106 | D:3      | 2106 ||| RETREEEEATING.
  2108 | D:3      | 2108 ||| RETREEEEATING.
  2109 | D:3      | 2109 ||| RETREEEEATING.
  2110 | D:3      | 2110 ||| FLEEEEING.
  2110 | D:3      | HP: 4/25 [orc priest/divine providence (16)]
  2111 | D:3      | 2111 ||| READING scroll of teleportation.
  2112 | D:3      | 2112 ||| FLEEEEING.
  2113 | D:3      | 2113 ||| FLEEEEING.
  2114 | D:3      | 2114 ||| FLEEEEING.
  2197 | D:3      | HP: 3/25 [orc priest/divine providence (11)]
  2199 | D:3      | Reached XP level 5. HP: 4/29 MP: 7/7
  2454 | D:3      | 2454 ||| READING scroll labelled VOASAO TOCZETE.
  2456 | D:3      | 2456 ||| Stepping ~*~*~tactically~*~*~ (cloud).
  2464 | D:3      | HP: 7/29 [poisoned by you (poison gas)]
  2599 | D:4      | Reached skill level 9 in Ranged Weapons
  2714 | D:4      | Reached skill level 3 in Dodging
  2714 | D:4      | Reached XP level 6. HP: 34/34 MP: 8/8
  3112 | D:4      | Found a shimmering blue altar of Sif Muna.
  3203 | D:4      | 3203 ||| UPGRADING to ring of protection from fire.
  3204 | D:4      | 3204 ||| READING scroll of identify.
  3204 | D:4      | 3204 ||| IDENTIFYING white potion
  3205 | D:4      | 3205 ||| READING scroll labelled IPIRIM BALIULL.
  3205 | D:4      | 3205 ||| BRANDING +0 shortbow.
  3206 | D:4      | 3206 ||| READING scroll labelled DAHOMANLIS.
  3243 | D:5      | Entered Level 5 of the Dungeon
  3248 | D:5      | 3248 ||| RETREEEEATING.
  3250 | D:5      | 3250 ||| RETREEEEATING.
  3251 | D:5      | 3251 ||| RETREEEEATING.
  3252 | D:5      | 3252 ||| RETREEEEATING.
  3558 | D:5      | Reached skill level 10 in Ranged Weapons
  3612 | D:5      | Found a staircase to the Ecumenical Temple.
  3613 | D:5      | 3613 ||| PLANNING TEMPLE
  3613 | D:5      | 3613 ||| READING 2 scrolls of identify.
  3613 | D:5      | 3613 ||| IDENTIFYING murky clear potion
  3614 | D:5      | 3614 ||| READING scroll of identify.
  3614 | D:5      | 3614 ||| IDENTIFYING clear potion
  3615 | D:5      | 3615 ||| DROPPING potion of berserk rage.
  3622 | Temple   | Entered the Ecumenical Temple
  3623 | Temple   | 3623 ||| PLANNING OKAWARU WORSHIP
  3630 | Temple   | Became a worshipper of Warmaster Okawaru
  3631 | Temple   | 3631 ||| PLANNING D:1-11
  4261 | D:5      | 4261 ||| DROPPING ring of wizardry.
  4262 | D:5      | 4262 ||| DRINKING 3 fuming inky potions.
  4276 | D:6      | Noticed Grinder
  4283 | D:6      | 4283 ||| STAIRDANCE
  4289 | D:5      | Reached XP level 7. HP: 23/40 MP: 9/9
  4359 | D:6      | Killed Grinder
  4359 | D:6      | Reached * piety under Okawaru
  4360 | D:6      | Reached skill level 11 in Ranged Weapons
  4381 | D:6      | Reached skill level 1 in Invocations
  4411 | D:6      | 4411 ||| INVOKING Heroism.
  4487 | D:6      | Found a bloodstained altar of Trog.
  4543 | D:6      | Reached skill level 12 in Ranged Weapons
  4543 | D:6      | Reached XP level 8. HP: 44/44 MP: 10/12
  4561 | D:6      | Noticed Dowan
  4563 | D:6      | Noticed Duvessa
  4565 | D:6      | Killed Dowan
  4566 | D:6      | Reached skill level 3 in Invocations
  4566 | D:6      | 4566 ||| INVOKING Heroism.
  4567 | D:6      | 4567 ||| ZAPPING wand of iceblast (8) at 3,-3 (floor).
  4568 | D:6      | 4568 ||| ZAPPING wand of iceblast (7) at 2,-2 (floor).
  4577 | D:6      | Killed Duvessa
  4731 | D:6      | Reached skill level 3 in Fighting
  4820 | D:6      | 4820 ||| SWAPPING to +0 orcbow.
  4821 | D:6      | 4821 ||| DROPPING +0 shortbow of chaos.
  4879 | D:6      | Reached skill level 1 in Armour
  5559 | D:6      | 5559 ||| UPGRADING to +4 ring of protection.
  5584 | D:7      | 5584 ||| PLANNING OSSUARY
  5612 | D:7      | Reached ** piety under Okawaru
  5768 | D:7      | Noticed a two-headed ogre
  5769 | D:7      | 5769 ||| INVOKING Heroism.
  5778 | D:7      | Killed a two-headed ogre
  5778 | D:7      | Reached *** piety under Okawaru
  5779 | D:7      | Reached skill level 14 in Ranged Weapons
  5779 | D:7      | Reached XP level 9. HP: 32/51 MP: 12/14
  6046 | D:7      | Found a sand-covered staircase.
  6047 | D:7      | 6047 ||| READING 3 scrolls labelled QUIGAWKY ZEHA.
  6048 | D:7      | 6048 ||| DRINKING 2 murky dark potions.
  6083 | D:7      | 6083 ||| DROPPING 2 scrolls of fear.
  6084 | D:7      | 6084 ||| DROPPING potion of lignification.
  6094 | Ossuary  | Entered an ossuary
  6120 | Ossuary  | Reached skill level 6 in Dodging
  6437 | Ossuary  | Reached **** piety under Okawaru
  6474 | Ossuary  | Reached skill level 15 in Ranged Weapons
  6490 | Ossuary  | 6490 ||| READING 3 scrolls of identify.
  6490 | Ossuary  | 6490 ||| IDENTIFYING smoky blue potion
  6491 | Ossuary  | 6491 ||| READING 2 scrolls of identify.
  6491 | Ossuary  | 6491 ||| IDENTIFYING lumpy yellow potion
  6492 | Ossuary  | 6492 ||| READING scroll of identify.
  6492 | Ossuary  | 6492 ||| IDENTIFYING scroll labelled ENAKHL TE DOU
  6492 | Ossuary  | Identified a scroll of acquirement
  6493 | Ossuary  | 6493 ||| READING scroll of acquirement.
  6493 | Ossuary  | 6493 ||| ACQUIRING +0 heavy arbalest
  6493 | Ossuary  | Acquired a +0 heavy arbalest
  6495 | Ossuary  | 6495 ||| SWAPPING to +0 heavy arbalest.
  6496 | Ossuary  | 6496 ||| DROPPING +0 orcbow.
  6497 | Ossuary  | 6497 ||| READING 2 scrolls labelled OTISTUOTAM.
  6598 | Ossuary  | 6598 ||| READING scroll labelled BIGRIMAISO.
  6599 | Ossuary  | 6599 ||| READING scroll labelled PAICHOL AVOAST.
  6683 | Ossuary  | 6683 ||| READING scroll labelled EPELOFO ZIWUEF.
  6684 | Ossuary  | 6684 ||| DROPPING potion of attraction.
  6685 | Ossuary  | 6685 ||| DROPPING scroll of vulnerability.
  6704 | D:7      | 6704 ||| PLANNING D:1-11
  6821 | D:8      | 6821 ||| RETREEEEATING.
  6822 | D:8      | 6822 ||| RETREEEEATING.
  6823 | D:8      | 6823 ||| STAIRDANCE
  6848 | D:8      | 6848 ||| STAIRDANCE
  6895 | D:8      | 6895 ||| STAIRDANCE
  6900 | D:7      | HP: 11/52 [yak (8)]
  6901 | D:7      | 6901 ||| READING 3 scrolls of teleportation.
  6901 | D:7      | HP: 2/52 [yak (9)]
  6902 | D:7      | 6902 ||| DRINKING 5 potions of heal wounds.
  7021 | D:8      | 7021 ||| STAIRDANCE
  7069 | D:8      | 7069 ||| STAIRDANCE
  7074 | D:7      | Reached XP level 10. HP: 38/56 MP: 16/16
  7137 | D:8      | Reached skill level 6 in Invocations
  7190 | D:8      | 7190 ||| RETREEEEATING.
  7191 | D:8      | 7191 ||| RETREEEEATING.
  7192 | D:8      | 7192 ||| RETREEEEATING.
  7511 | D:8      | Found a glowing golden altar of the Shining One.
  7753 | D:8      | Noticed a gargoyle
  7754 | D:8      | 7754 ||| INVOKING Finesse.
  7755 | D:8      | 7755 ||| INVOKING Finesse.
  7759 | D:8      | HP: 4/56 [gargoyle/+0 mace (12)]
  7760 | D:8      | 7760 ||| READING 2 scrolls of teleportation.
  7761 | D:8      | 7761 ||| DRINKING 4 potions of heal wounds.
  7763 | D:8      | Noticed Jeremiah
  7764 | D:8      | 7764 ||| FLEEEEING.
  7765 | D:8      | 7765 ||| FLEEEEING.
  7766 | D:8      | 7766 ||| FLEEEEING.
  7767 | D:8      | 7767 ||| INVOKING Finesse.
  7768 | D:8      | 7768 ||| INVOKING Finesse.
  7771 | D:8      | Killed a gargoyle
  7772 | D:8      | Reached skill level 16 in Ranged Weapons
  7772 | D:8      | 7772 ||| FLEEEEING.
  7773 | D:8      | 7773 ||| FLEEEEING.
  7775 | D:8      | 7775 ||| FLEEEEING.
  7777 | D:8      | 7777 ||| FLEEEEING.
  7778 | D:8      | 7778 ||| FLEEEEING.
  7779 | D:8      | 7779 ||| FLEEEEING.
  7780 | D:8      | 7780 ||| FLEEEEING.
  7782 | D:8      | 7782 ||| FLEEEEING.
  7783 | D:8      | 7783 ||| FLEEEEING.
  7784 | D:8      | 7784 ||| FLEEEEING.
  7786 | D:8      | 7786 ||| FLEEEEING.
  7802 | D:8      | Killed Jeremiah
  8061 | D:8      | Noticed a gargoyle
  8062 | D:8      | 8062 ||| INVOKING Finesse.
  8064 | D:8      | Killed a gargoyle
  8104 | D:8      | Noticed a gargoyle
  8104 | D:8      | 8104 ||| INVOKING Finesse.
  8105 | D:8      | Killed a gargoyle
  8142 | D:8      | Noticed a gargoyle
  8143 | D:8      | 8143 ||| INVOKING Finesse.
  8145 | D:8      | Killed a gargoyle
  8316 | D:8      | 8316 ||| DROPPING +0 ring mail.
  8317 | D:8      | 8317 ||| UPGRADING to +3 leather armour of fire resistance.
  8327 | D:8      | 8327 ||| UPGRADING to amulet of regeneration.
  8332 | D:8      | 8332 ||| READING 2 scrolls of identify.
  8332 | D:8      | 8332 ||| IDENTIFYING 2 viscous coppery potions
  8427 | D:9      | Noticed a two-headed ogre
  8428 | D:9      | 8428 ||| INVOKING Finesse.
  8430 | D:9      | Killed a two-headed ogre
  8431 | D:9      | Reached skill level 17 in Ranged Weapons
  8469 | D:9      | Noticed a two-headed ogre
  8470 | D:9      | 8470 ||| INVOKING Finesse.
  8475 | D:9      | Killed a two-headed ogre
  8535 | D:9      | Reached XP level 11. HP: 55/61 MP: 18/18
  8745 | D:9      | Reached skill level 18 in Ranged Weapons
  8774 | D:9      | Reached ***** piety under Okawaru
  8781 | D:9      | 8781 ||| RETREEEEATING.
  8782 | D:9      | 8782 ||| RETREEEEATING.
  8783 | D:9      | 8783 ||| RETREEEEATING.
  8784 | D:9      | 8784 ||| RETREEEEATING.
  8785 | D:9      | 8785 ||| RETREEEEATING.
  8786 | D:9      | 8786 ||| RETREEEEATING.
  8787 | D:9      | 8787 ||| RETREEEEATING.
  8788 | D:9      | 8788 ||| RETREEEEATING.
  8789 | D:9      | 8789 ||| RETREEEEATING.
  8790 | D:9      | 8790 ||| RETREEEEATING.
  8791 | D:9      | 8791 ||| RETREEEEATING.
  8792 | D:9      | 8792 ||| RETREEEEATING.
  8793 | D:9      | 8793 ||| RETREEEEATING.
  8794 | D:9      | 8794 ||| INVOKING Finesse.
  8847 | D:9      | Found a staircase to the Orcish Mines.
  8873 | D:9      | Reached skill level 9 in Invocations
  8949 | D:9      | Found an opulent altar of Gozag.
  9160 | D:9      | 9160 ||| DROPPING +2 robe of cold resistance.
  9161 | D:9      | 9161 ||| READING scroll of identify.
  9161 | D:9      | 9161 ||| IDENTIFYING lumpy emerald potion
  9186 | D:10     | Entered Level 10 of the Dungeon
  9253 | D:10     | Identified the amulet of Reikept {Will+ Regen+}
  9399 | D:10     | 9399 ||| UPGRADING to amulet of Reikept {Will+ Regen+}.
  9756 | D:10     | Found a staircase to the Lair.
  9837 | D:10     | 9837 ||| PLANNING LAIR
  9837 | D:10     | 9837 ||| UPGRADING to amulet of Reikept {Will+ Regen+}.
  9842 | D:10     | 9842 ||| DROPPING amulet of regeneration.
  9843 | D:10     | 9843 ||| READING scroll labelled JUGU KIETOM.
  9894 | Lair:1   | Entered Level 1 of the Lair of Beasts
  9914 | Lair:1   | HP: 5/63 [poisoned by a black mamba]
  9915 | Lair:1   | 9915 ||| READING scroll of teleportation.
  9915 | Lair:1   | Succumbed to a black mamba's poison

Levels and vault maps discovered:
D:1:      dpeg_arrival_castle, layout_basic, minmay_pentomino_s4
D:2:      cheibrodos_old_hovel, layout_loops_ring, serial_forest,
          infiniplex_forest_clump_C, infiniplex_forest_lined_3,
          infiniplex_forest_clump_curved, infiniplex_forest_clump_small,
          infiniplex_forest_straight_2, infiniplex_forest_straight_1
D:3:      layout_rooms, gammafunk_ghost_mausoleum, roderic_roman_lattice
D:4:      layout_loops_cross, hellmonk_sif_muna_bookshelves
D:5:      layout_loops_corners, minmay_temple_entry_tees
D:6:      layout_layer_cave, trog_three_pillars_becter, uniq_grinder,
          uniq_duvessa
D:7:      layout_rooms, enter_ossuary_4
D:8:      cheibrodos_statue_roulette, layout_basic,
          nicolae_tso_carved_into_rock, grunt_decor_cap, uniq_jeremiah
D:9:      layout_basic, nicolae_gozag_cash_rules_everything_around_me,
          zombieorc2_lemuel
D:10:     layout_basic, erik_lair_orcish_takeover, serial_co_window_serial,
          co_window_corner_a, co_window_corner_a, co_window_paths_a,
          co_window_corner_a, co_window_paths_a, co_window_unsneaky_path_a,
          co_window_broadway_a, co_window_unsneaky_path_e, co_window_paths_e,
          glass_columns_a, glass_columns_b, glass_columns_a
Temple:   nicolae_temple_two_arcs
Lair:1:   lemuel_reptile_caves, layout_regular_city, kennysheep_rathole

Skill      XL: |  1  2  3  4  5  6  7  8  9 10 11 |
---------------+----------------------------------+-----
Ranged Weapons | 6 7 8 9 10 12 14 15 17 18 | 18.0
Dodging        | 3 4 5 6 7 8 |  8.1
Fighting       | 2 3 4 5 |  5.0
Invocations    | 2 4 5 7 9 |  9.5
Armour         | 1 |  1.5
Stealth        | |  1.2

Action                     |  1- 3 |  4- 6 |  7- 9 | 10-12 || total
---------------------------+-------+-------+-------+-------++-------
   Fire: Shortbow          |   105 |   201 |    58 |       ||   364
         Orcbow            |       |       |   170 |       ||   170
         Arbalest          |       |       |    15 |   234 ||   249
 Invoke: Heroism           |       |       |     3 |       ||     3
         Finesse           |       |       |       |     8 ||     8
  Evoke: Wand              |       |       |     2 |       ||     2
    Use: Scroll            |     3 |    10 |    10 |     5 ||    28
         Potion            |       |     1 |     2 |     1 ||     4
 Armour: Leather armour    |    23 |    50 |    62 |   117 ||   252
  Dodge: Dodged            |    32 |    40 |    77 |   176 ||   325

Table legend:
 A = Non-vault XP
 B = Vault XP
 C = Vault XP percentage of total XP
 D = Non-vault monster count
 E = Vault monster count
 F = Vault count percentage of total count
                 A         B        C        D         E       F
            +---------+---------+-------+---------+---------+-------
      Total |   12210 |    4525 |  27.0 |     216 |      74 |  25.5
            +---------+---------+-------+---------+---------+-------
        D:1 |      28 |       5 |  15.2 |      18 |       3 |  14.3
        D:2 |      86 |       2 |   2.3 |      27 |       1 |   3.6
        D:3 |     128 |       0 |   0.0 |      25 |       0 |   0.0
        D:4 |     172 |       0 |   0.0 |      19 |       0 |   0.0
        D:5 |     385 |       0 |   0.0 |      23 |       0 |   0.0
        D:6 |     892 |     492 |  35.5 |      17 |       3 |  15.0
        D:7 |    2651 |       2 |   0.1 |      19 |       2 |   9.5
        D:8 |    1146 |    2069 |  64.4 |      23 |       5 |  17.9
        D:9 |    5518 |     620 |  10.1 |      32 |      29 |  47.5
       D:10 |    1073 |     532 |  33.1 |      12 |       8 |  40.0
     Lair:1 |     131 |       0 |   0.0 |       1 |       0 |   0.0
    Ossuary |       0 |     803 | 100.0 |       0 |      23 | 100.0
            +---------+---------+-------+---------+---------+-------
